 Dungeon Crawl Stone Soup version 0.27.1-34-g3ba077fa99 (webtiles) character file.

Game seed: 13171623561736986190

1 cyrus the Bolt Thrower (level 1, -1/22 HPs)
             Began as an Ogre Hunter on Jan 16, 2022.
             Slain by a hobgoblin (3 damage)
             ... on level 1 of the Dungeon.
             The game lasted 00:00:51 (33 turns).

cyrus the Bolt Thrower (Ogre Hunter)                  Turns: 33, Time: 00:00:52

Health: -1/22      AC:  3    Str: 15    XL:     1   Next: 20%
Magic:  1/1        EV:  9    Int: 12    God:
Gold:   0          SH:  0    Dex:  9    Spells: 0/0 levels left

rFire    . . .     SeeInvis .   b - +0 short sword
rCold    . . .     Faith    .   (no shield)
rNeg     . . .     Spirit   .   c - +0 robe
rPois    .         Reflect  .   (helmet restricted)
rElec    .         Harm     .   (no cloak)
rCorr    .         Rampage  .   (gloves unavailable)
Will     .....                  (boots unavailable)
Stlth    +.........             (no amulet)
HPRegen  0.07/turn              (no ring)
MPRegen  0.07/turn              (no ring)

@: no status effects
A: large, unfitting armour, tough skin 1
a: no special abilities


You were on level 1 of the Dungeon.
You visited 1 branch of the dungeon, and saw 1 of its levels.

Inventory:

Hand Weapons
 a - a +1 hand crossbow
 b - a +0 short sword (weapon)
Missiles
 d - 20 bolts
Armour
 c - a +0 robe (worn)


   Skills:
 + Level 2.6 Fighting
 + Level 3.0 Crossbows
 + Level 1.7 Dodging
 + Level 0.6 Stealth


You couldn't memorise any spells.
You didn't know any spells.
Your spell library was empty.

Dungeon Overview and Level Annotations

Branches:
Dungeon (1/15)

Altars:


Innate Abilities, Weirdness & Mutations

You are too large for most types of armour.
You have tough skin. (AC +1)


Message History

You see here a +0 dagger.
The endoplasm quivers.
You see here a +0 dagger.
A goblin comes into view. It is wielding a +0 club.
The hobgoblin hits you but does no damage.
You closely miss the hobgoblin. The hobgoblin barely misses you.
You barely miss the hobgoblin. The hobgoblin hits you.
You closely miss the hobgoblin. The hobgoblin misses you.
The endoplasm barely misses you. The hobgoblin closely misses you.
You barely miss the hobgoblin. The goblin misses you.
The endoplasm hits you but does no damage.
The hobgoblin barely misses you. The goblin misses you.
You barely miss the hobgoblin. The endoplasm freezes you.
You are frozen.
The hobgoblin barely misses you. The goblin hits you but does no damage.
You hit the hobgoblin.
The hobgoblin is moderately wounded.
The endoplasm closely misses you. The hobgoblin closely misses you.
The goblin hits you with a +0 club.
You hit the hobgoblin but do no damage.
The hobgoblin is moderately wounded.
The endoplasm barely misses you. The hobgoblin completely misses you.
The goblin hits you but does no damage.
Unknown command.
You closely miss the hobgoblin.
The hobgoblin is moderately wounded.
The endoplasm freezes you.
You are frozen.
The hobgoblin hits you. The goblin hits you with a +0 club.
You hit the hobgoblin but do no damage.
The hobgoblin is moderately wounded.
The endoplasm freezes you.
You are frozen.
* * * LOW HITPOINT WARNING * * *
The hobgoblin closely misses you. The goblin hits you with a +0 club.
* * * LOW HITPOINT WARNING * * *
You hit the endoplasm.
The endoplasm is heavily wounded.
The endoplasm closely misses you. The hobgoblin hits you.
You die...

#.# #.# #.#
#J# #.# #.# #
###.####.##...
#...)J@g......
#.###..g.[....
#.# #.########
#.# #.# #.#
#.# #.###.#
#.'<'.#
#######


You could see an endoplasm, a hobgoblin and a goblin.

Vanquished Creatures
  A goblin (D:1)
1 creature vanquished.

Notes
Turn   | Place    | Note
-------+----------+-------------------------------------------
     0 | D:1      | cyrus the Ogre Hunter began the quest for the Orb.
     0 | D:1      | Reached XP level 1. HP: 22/22 MP: 1/1
    19 | D:1      | Reached skill level 3 in Crossbows
    33 | D:1      | Slain by a hobgoblin

Illustrated notes

Levels and vault maps discovered:
D:1:      dpeg_arrival_tiny_b, layout_loops_ring, ebering_ecumenical_altar_hall,
          serial_shops, shop, supply_closet_lemuel

Skill      XL: |  1 |
---------------+----+-----
Crossbows      | 3 |  3.0
Fighting       | |  2.6
Dodging        | |  1.7
Stealth        | |  0.6

Action                   || total
-------------------------++-------
Melee: Short sword       ||    11
Armor: Robe              ||     4
Dodge: Dodged            ||    14
